 Dungeon Crawl Stone Soup version 0.29.1-15-g9cfb28693d (webtiles) character file.

Game seed: 13172061927772376940

157 LLlMATKO the Chopper (level 5, -2/70 HPs)
             Began as a Minotaur Berserker on Apr 29, 2023.
             Was a Believer of Trog.
             Slain by a two-headed ogre
             ... wielding a +0 giant spiked club
              (22 damage)
             ... on level 6 of the Dungeon.
             The game lasted 00:01:31 (2116 turns).

LLlMATKO the Chopper (Minotaur Berserker)           Turns: 2116, Time: 00:01:32

Health: -2/70      AC:  9    Str: 23    XL:     5   Next: 15%
Magic:  4/4        EV:  9    Int:  4    God:    Trog [**....]
Gold:   114        SH:  0    Dex: 10    Spells: 4/4 levels left

rFire   . . .      SeeInvis .   a - +0 hand axe
rCold   . . .      Faith    .   (no shield)
rNeg    . . .      Spirit   .   k - +0 chain mail
rPois   .          Reflect  .   (helmet restricted)
rElec   .          Harm     .   (no cloak)
rCorr   .          Rampage  .   (no gloves)
Will    .....                   (no boots)
Stlth   ..........              (no amulet)
HPRegen 0.21/turn               (no ring)
MPRegen 0.09/turn               (no ring)

@: berserking, very quick
A: horns 2, retaliatory headbutt
a: Renounce Religion, Berserk, Trog's Hand


You were on level 6 of the Dungeon.
You worshipped Trog.
Trog was pleased with you.
You visited 1 branch of the dungeon, and saw 4 of its levels.

You collected 114 gold pieces.

Inventory:

Hand Weapons
 a - a +0 hand axe (weapon)
Armour
 k - a +0 chain mail (worn)
Scrolls
 c - 2 scrolls of teleportation {unknown}
 d - 3 scrolls of magic mapping {unknown}
 e - 6 scrolls of identify {unknown}
 j - a scroll of enchant weapon {unknown}
Potions
 b - 3 potions of curing {unknown}
 g - 4 potions of heal wounds {unknown}
 h - a potion of magic {unknown}
 i - a potion of resistance {unknown}


   Skills:
 + Level 4.7 Fighting
 + Level 4.7 Axes
 + Level 3.8 Armour
 + Level 3.5 Dodging


You had 4 spell levels left.
You didn't know any spells.
Your spell library was empty.

Dungeon Overview and Level Annotations

Branches:
Dungeon (3/15)

Altars:


Innate Abilities, Weirdness & Mutations

You have a pair of horns on your head.
You reflexively headbutt those who attack you in melee.


Message History

You closely miss the sky beast.
The sky beast is almost dead.
You slash the sky beast!
You feel the power of Trog in you as your rage grows.
You kill the sky beast!
Trog accepts your kill.
You have reached level 4!
You feel agile.
You have reached level 5!
You start resting.
You feel a strong urge to attack something.
You start resting.
You feel your anger nearly subside.
You are no longer berserk.
You are exhausted.
You feel yourself slow down.
You start resting.
You feel yourself speed up.
You start resting.
You recover from your berserk rage.
HP restored.
b - 3 puce potions (gained 1)
A scorpion and a two-headed ogre come into view.
Found a scale mail.
A red film seems to cover your vision as you go berserk!
You feel yourself moving faster!
You feel mighty!
You closely miss the two-headed ogre. You headbutt the two-headed ogre!
The two-headed ogre is moderately wounded.
You slash the two-headed ogre!
The two-headed ogre is heavily wounded.
The two-headed ogre hits you with a +0 giant spiked club!!
The two-headed ogre barely misses you.
You slash the two-headed ogre! You headbutt the two-headed ogre!
The two-headed ogre is almost dead.
You barely miss the two-headed ogre.
Your headbutt misses the two-headed ogre.
The two-headed ogre is almost dead.
The two-headed ogre hits you with a +0 giant spiked club!!
* * * LOW HITPOINT WARNING * * *
The two-headed ogre hits you with a +0 giant club!!
You die...

... #.. ... #.#
... #.# #'# #.#
#.# #.# #.# #.#
######.#### #†#
#.........#####.#
#.##.......sO@..#
...
##...#.#######
..s.. #..##.#
..... ....##.#
.....####.##.#
..... #.##.#
####. #.##.#
.....# .##


You could see a two-headed ogre and a scorpion.

Vanquished Creatures
  A sky beast (D:6)
  An adder (D:2)
  2 worms (D:2)
  6 bats
  5 endoplasms
  3 giant cockroaches
  5 goblins
  4 hobgoblins
  6 kobolds
  4 quokkas
  4 ball pythons
  A frilled lizard (D:1)
  3 rats (D:1)
45 creatures vanquished.

Notes
Turn   | Place    | Note
-------+----------+-------------------------------------------
     0 | D:1      | LLlMATKO the Minotaur Berserker began the quest for the
                  | Orb.
     0 | D:1      | Reached XP level 1. HP: 19/19 MP: 0/0
   237 | D:1      | Reached XP level 2. HP: 27/27 MP: 1/1
   629 | D:1      | Reached ** piety under Trog
  1031 | D:2      | Reached XP level 3. HP: 33/33 MP: 2/2
  1996 | D:3      | You fall into a shaft and drop 3 floors!
  1998 | D:6      | Noticed a sky beast
  2007 | D:6      | Killed a sky beast
  2008 | D:6      | Reached XP level 4. HP: 41/41 MP: 3/3
  2008 | D:6      | Reached XP level 5. HP: 47/47 MP: 4/4
  2099 | D:6      | Noticed a two-headed ogre
  2116 | D:6      | Slain by a two-headed ogre

Illustrated notes

Levels and vault maps discovered:
D:1:      dpeg_arrival_pits, layout_basic
D:2:      layout_loops_ring, minmay_misc_feat_four_crosses,
          minmay_goblin_kobold_house
D:3:      layout_basic, ashenzari_conservatory_becter,
          shapermc_ecumenical_altar_starsandcircs
D:6:      layout_loops_corners

Skill      XL: |  1  2  3 |
---------------+----------+-----
Fighting       | 4 |  4.7
Armour         | 3 |  3.8
Axes           | 4 |  4.7
Dodging        | 3 |  3.5

Action                   |  1- 3 |  4- 6 || total
-------------------------+-------+-------++-------
Melee: Hand axe          |    99 |     4 ||   103
       Headbutt          |    21 |     2 ||    23
       Punch             |     1 |       ||     1
Invok: Berserk           |     1 |     1 ||     2
Armor: Animal skin       |    11 |       ||    11
       Ring mail         |    12 |       ||    12
       Chain mail        |     7 |       ||     7
Dodge: Dodged            |    55 |     1 ||    56
